Map: Data-C

Players

PattyMac

  • Race: Protoss Protoss
  • Spawn Location: 3:00

Reynor - Winner!

  • Race: Zerg Zerg
  • League: Master
  • Spawn Location: 9:00

Event: HomeStory Cup XXII

VOD

Have the link to the VOD?

Description

Time

  • Played on: Dec. 16, 2022, 3:14 p.m.
  • Length: 8:18

All games in this series

Show
View Real Time Build Order
Export as new Build Order

PattyMac Protoss 

Build Orders: 1 Gate Expand, Mass Adepts 

Get SALT Encoding   

  12  0:00  Probe  
  13  0:12  Pylon  
  13  0:17  Probe (Chrono Boost)  
  14  0:26  Probe (Chrono Boost)  
  15  0:31  Probe (Chrono Boost)  
  16  0:39  Gateway  
  16  0:43  Probe  
  16  0:48  Assimilator  
  17  0:55  Probe  
  18  1:08  Probe  
  19  1:20  Probe  
  20  1:27  Nexus  
  20  1:36  Cybernetics Core  
  20  1:39  Probe  
  21  1:43  Assimilator  
  21  1:51  Probe  
  21  1:53  Pylon  
  22  2:03  Probe (Chrono Boost)  
  23  2:10  Adept (Chrono Boost), Warp Gate (Chrono Boost)  
  26  2:15  Probe (Chrono Boost)  
  26  2:21  Gateway  
  26  2:22  Probe (Chrono Boost)  
  27  2:30  Probe  
  27  2:33  Stalker (Chrono Boost)  
  30  2:40  Probe  
  30  2:42  Probe  
  32  2:52  Probe  
  32  2:54  Probe  
  32  2:57  Gateway  
  34  3:04  Probe  
  35  3:06  Probe  
  35  3:09  Twilight Council  
  35  3:10  Adept  
  38  3:14  Adept  
  38  3:16  Probe  
  41  3:22  Pylon  
  41  3:23  Probe  
  42  3:27  Pylon  
  42  3:29  Probe  
  43  3:35  Probe  
  44  3:41  Probe  
  44  3:44  Resonating Glaives (Chrono Boost)  
  44  3:47  Probe  
  46  3:52  Adept x2  
  46  3:53  Adept  
  52  4:01  Probe  
  53  4:05  Nexus  
  53  4:09  Pylon  
  53  4:11  Probe  
  53  4:15  Probe  
  55  4:19  Assimilator  
  55  4:23  Probe, Assimilator  
  56  4:26  Adept x2  
  56  4:27  Probe  
  56  4:30  Pylon  
  59  4:33  Adept  
  59  4:35  Probe  
  62  4:44  Probe  
  63  4:46  Adept  
  63  4:47  Adept  
  63  4:50  Probe  
  68  4:53  Adept  
  68  4:59  Shield Battery  
  70  5:01  Pylon  
  70  5:04  Probe  
  71  5:08  Adept  
  71  5:09  Adept  
  71  5:11  Probe  
  76  5:16  Probe  
  76  5:18  Probe  
  76  5:23  Probe  
  76  5:28  Probe  
  74  5:30  Probe  
  74  5:32  Stargate  
  74  5:33  Stargate  
  76  5:35  Probe (Chrono Boost)  
  76  5:36  Adept  
  76  5:37  Adept x2  
  76  5:42  Probe (Chrono Boost)  
  84  5:45  Probe (Chrono Boost)  
  84  5:46  Dark Shrine  
  84  5:48  Probe (Chrono Boost)  
  85  5:51  Pylon  
  85  5:52  Probe (Chrono Boost)  
  85  5:54  Probe (Chrono Boost)  
  85  5:55  Probe (Chrono Boost)  
  88  5:57  Probe (Chrono Boost)  
  88  5:58  Assimilator  
  88  5:59  Adept  
  88  6:02  Assimilator  
  91  6:04  Probe x2  
  93  6:14  Probe  
  93  6:17  Phoenix x2 (Chrono Boost), Probe  
  99  6:20  Gateway  
  99  6:22  Gateway  
  99  6:27  Gateway  
  99  6:36  Probe x2  
  98  6:47  Adept  
  98  6:50  Pylon  
  98  6:52  Pylon  
  90  6:54  Pylon  
  90  6:55  Probe  
  90  7:03  Probe  
  90  7:04  Probe  
  87  7:14  Adept x2  
  75  7:15  Probe  
  75  7:16  Probe  
  75  7:19  Probe  
  67  7:29  Probe (Chrono Boost), Pylon  
  66  7:30  Probe (Chrono Boost), Pylon  
  66  7:36  Probe (Chrono Boost)  
  68  7:41  Probe (Chrono Boost)  
  68  7:42  Probe (Chrono Boost)  
  70  7:45  Probe (Chrono Boost)  
  70  7:47  Robotics Facility, Probe (Chrono Boost)  
  70  7:48  Probe (Chrono Boost), Stalker  
  70  7:51  Probe (Chrono Boost)  
  75  7:55  Adept  
  75  7:56  Adept x3, Probe (Chrono Boost)  
  75  7:57  Probe (Chrono Boost)  
  87  8:08  Probe x2 (Chrono Boost)  
Show
View Real Time Build Order
Export as new Build Order

Reynor Zerg - Winner!

Build Orders: Hatch First 

Get SALT Encoding   

  12  0:00  Drone  
  13  0:11  Overlord  
  13  0:16  Drone  
  14  0:30  Drone x2  
  16  0:43  Drone  
  17  0:51  Hatchery  
  17  0:54  Drone  
  17  0:58  Drone  
  18  1:09  Extractor  
  17  1:13  Spawning Pool  
  17  1:16  Drone  
  17  1:19  Drone  
  18  1:27  Drone  
  19  1:39  Drone  
  20  1:48  Overlord  
  20  2:00  Queen  
  22  2:03  Queen, Drone x2  
  26  2:10  Zergling x2  
  26  2:13  Metabolic Boost  
  26  2:15  Zergling x2  
  28  2:21  Drone  
  29  2:24  Drone  
  30  2:36  Hatchery  
  29  2:37  Drone  
  29  2:41  Drone  
  31  2:46  Zergling x2  
  31  2:48  Drone  
  33  2:52  Overlord  
  33  2:56  Queen  
  35  3:00  Drone  
  35  3:09  Overlord  
  35  3:11  Drone x4  
  39  3:17  Queen  
  42  3:20  Drone  
  42  3:21  Drone  
  43  3:30  Drone  
  43  3:32  Queen, Drone  
  47  3:43  Overlord  
  47  3:44  Zergling x2  
  47  3:48  Zergling x2  
  49  3:50  Zergling x2  
  49  3:54  Zergling x2  
  49  3:55  Queen  
  53  3:58  Zergling x2  
  53  4:02  Zergling x2  
  55  4:05  Zergling x6  
  55  4:06  Zergling x2, Queen  
  61  4:10  Zergling x2  
  61  4:13  Drone  
  61  4:15  Drone x2  
  61  4:16  Overlord  
  65  4:17  Drone  
  65  4:22  Overlord  
  65  4:25  Drone  
  65  4:27  Overlord  
  65  4:30  Baneling Nest  
  65  4:34  Drone, Evolution Chamber  
  65  4:36  Drone  
  65  4:37  Drone  
  67  4:41  Drone x3  
  67  4:43  Zergling x2  
  67  4:45  Zergling x6  
  74  4:52  Zergling x4  
  76  4:53  Zergling x2  
  76  4:59  Overlord  
  77  5:02  Drone  
  77  5:03  Drone  
  77  5:04  Queen  
  81  5:10  Zergling x6  
  81  5:12  Drone, Zerg Melee Weapons Level 1  
  83  5:15  Baneling x4  
  83  5:17  Overlord  
  83  5:18  Drone x2  
  83  5:20  Drone  
  86  5:23  Drone x3  
  86  5:25  Overlord  
  86  5:27  Drone x2  
  88  5:29  Drone  
  89  5:35  Spore Crawler  
  89  5:36  Overlord  
  88  5:43  Drone x2  
  88  5:44  Drone x2, Hatchery  
  88  5:46  Spore Crawler  
  88  5:47  Lair  
  88  5:49  Drone  
  91  5:51  Spore Crawler  
  91  5:52  Drone  
  91  5:55  Zergling x4  
  91  5:59  Zergling x4  
  91  6:01  Queen  
  91  6:03  Baneling x2  
  95  6:05  Zergling x10  
  95  6:09  Drone  
  95  6:10  Zergling x6  
  104  6:12  Extractor, Overlord  
  104  6:17  Zergling x4  
  105  6:24  Drone  
  105  6:25  Overlord  
  106  6:29  Hatchery  
  106  6:31  Overlord  
  106  6:32  Drone x3  
  108  6:34  Drone x4  
  108  6:35  Drone  
  108  6:36  Queen, Extractor  
  108  6:39  Overlord  
  113  6:43  Zergling x6  
  113  6:45  Drone x2  
  118  6:51  Overlord  
  117  6:56  Drone  
  117  6:57  Drone  
  117  6:59  Queen  
  117  7:00  Queen  
  116  7:03  Zergling x8  
  110  7:11  Drone x4  
  110  7:15  Zergling x2  
  113  7:17  Queen  
  113  7:19  Zergling x2  
  114  7:24  Zergling x2, Spore Crawler  
  114  7:26  Zergling x2  
  115  7:31  Zergling x2  
  115  7:32  Zergling x6, Spore Crawler x3  
  115  7:33  Spore Crawler  
  115  7:34  Queen, Drone  
  115  7:36  Drone x2  
  119  7:37  Spore Crawler, Drone x2  
  119  7:38  Queen  
  119  7:42  Zergling x4  
  123  7:47  Spore Crawler  
  123  7:49  Zergling x10  
  129  7:53  Zergling x4  
  131  7:58  Zergling x2  
  131  7:59  Zergling x2  
  131  8:00  Overlord  
  133  8:05  Spore Crawler  
Tags
 
Add a new tag
Caveats
  • Supply blocks, unpowered buildings, or Contaminate may cause inaccurate times.
  • Supply counts are checked every 10 seconds.